 Dungeon Crawl Stone Soup version 0.30.1-4-g462c640d31 (webtiles) character file.

Game seed: 11621941751214054009

14884 Zeor the Grappler (level 11, -9/102 HPs)
             Began as a Black Draconian Transmuter on Aug 15, 2023.
             Was an Elder of Wu Jian.
             Mangled by a troll (10 damage)
             ... on level 11 of the Dungeon.
             The game lasted 00:57:30 (12595 turns).

Zeor the Grappler (Black Draconian Transmuter)     Turns: 12595, Time: 00:57:31

Health: -9/102     AC:  1    Str: 14    XL:     11   Next: 94%
Magic:  18/21      EV: 11    Int: 23    God:    Wu Jian [****..]
Gold:   613        SH:  0    Dex: 11    Spells: 9/23 levels left

rFire   x .          .
                       - Unarmed
rCold   + + +        (shield currently unavailable)
rNeg    . . .        (body armour unavailable)
rPois   +            (helmet currently unavailable)
rElec   .            k - melded +1 cloak {rC+}
rCorr   .            o - melded +0 pair of gloves
SInv    +            (boots currently unavailable)
Will    .....        x - amulet of regeneration
Stlth   ++           E - ring of see invisible
HPRegen 1.17/turn    n - +6 ring of intelligence
MPRegen 0.17/turn

%: no passive effects
@: ice-form, marked, wereblooded, corroded
A: freezing attack, amphibious, boosted hp, (breathe lightning), AC +7, large,
unfitting armour, (electricity resistance), (cold-blooded)
a: End Transformation, Renounce Religion, Wall Jump, Serpent's Lash


You were on level 11 of the Dungeon.
You worshipped Wu Jian.
Wu Jian was greatly pleased with you.
You were a creature of crystalline ice.
You visited 2 branches of the dungeon, and saw 12 of its levels.
You also visited: Ice Cave.

You collected 733 gold pieces.
You spent 120 gold pieces at shops.

Inventory:

Hand Weapons
 b - a +2 dagger of electrocution
 g - a +3 heavy dagger
 r - the +4 hammer of the Priest {pain, rC++ Str+4}
   (You found it on level 3 of the Dungeon)

   Str:       It affects your strength (+4).
   rC:        It greatly protects you from cold.
 B - a +3 quarterstaff of chaos
Missiles
 d - 39 poisoned darts
Armour
 k - a +1 cloak of cold resistance (melded)
 o - a +0 pair of gloves (melded)
Magical Staves
 G - a staff of air
Jewellery
 e - a ring of flight
 j - an amulet of the acrobat
 l - a +6 ring of dexterity
 n - a +6 ring of intelligence (right front paw)
 x - an amulet of regeneration (around neck)
 y - a +4 ring of slaying
 E - a ring of see invisible (left front paw)
Wands
 q - a wand of digging (2)
 s - a wand of flame (33)
 u - a wand of roots (7)
 D - a wand of paralysis (23)
 F - a wand of polymorph (10)
 I - a wand of mindburst (13)
Scrolls
 c - 3 scrolls of enchant weapon
 f - 6 scrolls of teleportation
 i - 4 scrolls of blinking
 t - 2 scrolls of torment
 A - 4 scrolls of fear
Potions
 a - a potion of lignification
 h - a potion of heal wounds
 m - 6 potions of curing
 p - 5 potions of ambrosia
 v - 3 potions of attraction
 w - 3 potions of resistance
 z - a potion of invisibility {unknown}
 C - 2 potions of flight


   Skills:
 + Level 4.4 Fighting
 + Level 4.9 Dodging
 + Level 3.2 Stealth
 * Level 12.6 Unarmed Combat
 + Level 6.7 Spellcasting
 * Level 9.0 Transmutations
 + Level 3.0 Ice Magic
 * Level 7.2 Air Magic
 + Level 2.0 Poison Magic
 + Level 0.4 Evocations


You had 9 spell levels left.
You knew the following spells:

 Your Spells              Type           Power      Damage    Failure   Level
a - Beastly Appendage     Tmut           98%        N/A       1%          1
b - Wereblood             Tmut           49%        N/A       1%          2
i - Ice Form              Ice/Tmut       35%        N/A       7%          4
p - Spider Form           Tmut/Pois      33%        N/A       2%          3
r - Cigotuvi's Dreadful   Necr/Pois/Air  44%        N/A       3%          2
v - Poisonous Vapours     Pois/Air       58%        N/A       1%          2

Your spell library contained the following spells:

 Spells                   Type           Power      Damage    Failure   Level
 Sting                    Tmut/Pois      100%       1d8       1%          1
 Ozocubu's Armour         Ice            21%        N/A       7%          3
 Apportation              Tloc           14%        N/A       8%          1
 Necrotise                Necr           28%        1d5       8%          1
 Summon Small Mammal      Summ           28%        N/A       8%          1
 Hailstorm                Conj/Ice       14%        3d5       13%         3
 Vampiric Draining        Necr           7%         2d6       24%         3
 Olgreb's Toxic Radiance  Pois           17%        N/A       32%         4
 Animate Dead             Necr           7%         N/A       61%         4
 Dispel Undead            Necr           7%         3d8       61%         4
 Death Channel            Necr           3%         N/A       100%        6
 Simulacrum               Ice/Necr       7%         N/A       100%        6
 Haunt                    Necr/Summ      3%         N/A       100%        7
 Ozocubu's Refrigeration  Ice            10%        4d9       100%        7
 Borgnjor's Revivificati  Necr           3%         N/A       100%        8
 Infestation              Necr           3%         N/A       100%        8
 Necromutation            Tmut/Necr      14%        N/A       100%        8


Dungeon Overview and Level Annotations

Branches:
Dungeon (11/15)            Temple (1/1) D:5            Lair (0/5) D:11
  IceCv (visited)
    Orc: D:9-12

Altars:
Ashenzari
Cheibriados
Dithmenos
Elyvilon
Fedhas
Gozag
Hepliaklqana
Kikubaaqudgha
Makhleb
Nemelex Xobeh
Okawaru
Qazlal
Ru
Sif Muna
Trog
Uskayaw
Vehumet
Wu Jian
Xom
Yredelemnul
Zin
The Shining One

Shops:
D:2 =   D:5 :   D:6 !

Annotations:
D:3 Robin
D:11 3 runed translucent doors, Diggabert's ghost, journeyman HuMo


Innate Abilities, Weirdness & Mutations

You are a creature of crystalline ice.
You have a powerful freezing melee attack.
You are amphibious.
Your maximum health is increased.
Your armour is entirely melded.
You are incapable of wielding weapons or throwing items.
((You can breathe wild blasts of lightning.))
((Your glossy black scales are hard. (AC +7)))
You cannot fit into any form of body armour.
((You are resistant to electric shocks. (rElec)))
((You are cold-blooded and may be slowed by cold attacks.))


Message History

The acid dragon spits acid at you. The splash of acid hits you!!
The acid corrodes you!
The orc hits you from afar with a +0 trident!
You punch the acid dragon! You freeze the acid dragon.
You feel a bit better.
You kill the acid dragon!
The Council accepts your kill.
The orc hits you from afar with a +0 trident.
You pummel the orc!! You freeze the orc.
You feel a bit better.
You kill the orc!
The Council accepts your kill.
The orc hits you from afar with a +0 trident.
An orc comes into view. It is wielding a +0 club.
You punch the orc wizard! You freeze the orc wizard.
The orc wizard is almost dead.
The orc barely misses you. The orc wizard casts a spell at you.
The magic dart hits you!
You punch the orc wizard! You freeze the orc wizard.
You feel a bit better.
You kill the orc wizard!
The Council accepts your kill.
The orc hits you from afar with a +0 trident.
You hit the troll. You freeze the troll.
The troll is lightly wounded.
You howl as the wereblood boils in your veins!
The troll bites you!
* * * LOW HITPOINT WARNING * * *
The troll closely misses you. The troll claws you!
* * * LOW HITPOINT WARNING * * *
The orc hits you from afar with a +0 trident.
* * * LOW HITPOINT WARNING * * *
You hit the troll. You freeze the troll.
The troll is lightly wounded.
You hit the troll. You freeze the troll.
The troll is moderately wounded.
The troll bites you!
* * * LOW HITPOINT WARNING * * *
The troll claws you.
* * * LOW HITPOINT WARNING * * *
The troll claws you!
You die...

·░░░░░░░░░░░░░·░░░░░░░▒∙∙∙∙▒∙∙∙∙∙
░░····░·▒▒∙∙▒▒∙░░░···▒▒▒'▒▒▒▒∙∙∙∙
········∙∙∙∙∙∙∙······▒∙∙∙∙∙∙▒∙∙∙∙
░░······D∙∙∙∙∙∙······▒∙∙∙∙∙∙▒∙∙∙∙
░░······∙∙∙∙∙∙∙······▒∙∙∙∙∙∙▒∙∙∙∙
·■······∙∙∙∙∙∙∙······▒∙∙∙∙∙∙▒∙∙∙∙
·░······∙∙∙∙∙∙∙▒▒▒▒▒▒▒>∙∙∙∙∙▒∙∙∙∙
░░······∙∙∙∙∙∙o▒)∙∙∙∙∙∙∙∙∙∙∙▒∙∙∙∙
░░······∙∙∙∙∙ooTY∙∙∙∙∙∙∙>∙∙∙▒∙∙∙∙
·····░░·∙▒▒▒'▒▒▒▒▒▒▒▒▒∙∙∙∙∙∙▒∙∙∙∙
·····░░··░·····▒∙8∙∙W▒∙∙∙∙∙∙▒∙∙∙∙
░░····░··░·····▒∙$∙∙∙▒∙∙∙∙∙∙▒∙∙∙∙
·░····░··■·····▒∙∙∙(∙■∙∙∙∙∙∙▒∙∙∙∙
·░░░░░░·░░·····▒(∙∙∙∙■∙∙∙∙∙∙▒∙∙∙∙
·░···░░·░····░░▒∙∙(∙∙■∙∙∙∙∙∙▒∙∙∙∙
·░······░····░·▒(∙∙∙(▒∙[[∙∙∙▒∙∙∙∙
·░······░····■·▒∙∙∙∙∙▒∙)∙∙∙∙▒∙∙∙∙


You could see a troll and 3 orcs.

Vanquished Creatures
  A two-headed ogre (D:10)
  A necromancer (IceCv)
  2 ugly things (IceCv)
  A cyclops (D:10)
  A gargoyle (D:11)
  Maggie (D:7)
  An anaconda simulacrum (IceCv)
  12 ice devils (IceCv)
  A troll (D:9)
  A wyvern (D:10)
  5 dire elephant simulacra (IceCv)
  6 death yak simulacra (IceCv)
  5 yaks (D:9)
  3 steam dragons
  6 vampire mosquitoes (D:11)
  Menkaure (D:4)
  2 acid dragons
  3 harpy simulacra (IceCv)
  A water moccasin (D:5)
  Duvessa (D:4)
  2 ice beasts (D:7)
  3 sky beasts
  An orc warrior (D:9)
  4 black bears
  An ogre (D:5)
  A centaur (D:9)
  2 kobold brigands
  2 phantoms (D:6)
  6 bullfrogs
  A two-headed ogre simulacrum (D:11)
  2 cane toad simulacra (IceCv)
  A scorpion (D:5)
  Dowan (D:4)
  4 elephant simulacra (IceCv)
  7 electric eels (D:10)
  A howler monkey (D:9)
  2 centaur zombies (D:8)
  4 orc priests
  5 hounds
  6 jellies
  2 gnoll boudas (D:8)
  2 sleepcaps (D:5)
  Crazy Yiuf (D:3)
  5 iguanas
  18 orc wizards
  Ijyb (D:3)
  4 spriggan simulacra
  A troll simulacrum (IceCv)
  8 polar bear simulacra (IceCv)
  10 gnolls (D:8)
  4 adders
  A naga simulacrum (IceCv)
  4 white imps
  2 worms
  4 dart slugs
  28 orcs
  A ball python (D:3)
  4 endoplasms
  3 giant cockroaches
  3 goblins
  5 hobgoblins
  3 jackals (D:5)
  3 quokkas
  7 bats
  A frilled lizard (D:1)
  19 kobolds
  2 rats
257 creatures vanquished.

Vanquished Creatures (others)
  A hornet (D:9)
1 creature vanquished.

Grand Total: 258 creatures vanquished

Notes
Turn   | Place    | Note
-------+----------+-------------------------------------------
     0 | D:1      | Zeor the Draconian Transmuter began the quest for the Orb.
     0 | D:1      | Reached XP level 1. HP: 16/16 MP: 3/3
   506 | D:1      | Reached XP level 2. HP: 15/23 MP: 3/5
   543 | D:1      | Learned a level 2 spell: Wereblood
  1257 | D:2      | Found Sekh's Jewellery Shoppe.
  1350 | D:2      | Reached XP level 3. HP: 28/28 MP: 4/6
  1957 | D:3      | Learned a level 3 spell: Spider Form
  1970 | D:3      | Noticed a steam dragon
  1985 | D:4      | Noticed a black bear
  1986 | D:4      | are you kidding me
  2010 | D:4      | Reached XP level 4. HP: 35/35 MP: 7/7
  2049 | D:4      | Reached skill level 4 in Unarmed Combat
  2074 | D:4      | Reached XP level 5. HP: 35/40 MP: 5/9
  2229 | D:4      | Found a hide-covered altar of Uskayaw.
  2327 | D:4      | You fall into a shaft and drop 3 floors!
  2328 | D:7      | sigh
  2382 | D:7      | Noticed an ice beast
  2414 | D:7      | Reached XP level 6. HP: 46/47 MP: 10/10
  2425 | D:7      | Noticed a sky beast
  2442 | D:7      | Killed a sky beast
  2547 | D:6      | Found Japiy's Distillery.
  2559 | D:6      | Reached skill level 1 in Stealth
  2562 | D:6      | Bought a potion of haste for 120 gold pieces
  2604 | D:5      | Entered Level 5 of the Dungeon
  2620 | D:6      | Found an opulent altar of Gozag.
  2653 | D:6      | Reached skill level 5 in Unarmed Combat
  2653 | D:6      | Your scales start taking on a glossy black colour.
  2653 | D:6      | Reached XP level 7. HP: 53/53 MP: 9/12
  2653 | D:6      | Gained mutation: You are resistant to electric shocks.
                  | (rElec) [Black Draconian growth]
  2675 | D:6      | Learned a level 2 spell: Cigotuvi's Dreadful Rot
  2691 | D:6      | Learned a level 2 spell: Poisonous Vapours
  2714 | D:6      | Noticed a steam dragon
  2729 | D:6      | Killed a steam dragon
  2925 | D:5      | Found a staircase to the Ecumenical Temple.
  2938 | D:5      | Reached skill level 5 in Transmutations
  2995 | Temple   | Entered the Ecumenical Temple
  3457 | D:5      | Reached skill level 1 in Air Magic
  3457 | D:5      | Reached XP level 8. HP: 58/61 MP: 9/14
  3664 | D:5      | Reached skill level 6 in Unarmed Combat
  3858 | D:5      | Found Roxei's Tremendous Tomes.
  4178 | D:4      | Reached skill level 1 in Poison Magic
  4343 | D:4      | Noticed Dowan
  4363 | D:3      | Noticed Ijyb
  4372 | D:3      | Killed Ijyb
  4456 | D:3      | Found a broken altar of Ashenzari.
  4460 | D:3      | Saw a vision of the Shoals and the Spider Nest.
  4460 | D:3      | Noticed a snapping turtle
  4460 | D:3      | Noticed a sea snake
  4460 | D:3      | Noticed a merfolk
  4460 | D:3      | Noticed a snapping turtle
  4460 | D:3      | Noticed a skyshark
  4460 | D:3      | Noticed a snapping turtle
  4460 | D:3      | Noticed a kraken
  4460 | D:3      | Noticed a merfolk
  4460 | D:3      | Noticed a manticore
  4460 | D:3      | Noticed a tarantella
  4460 | D:3      | Noticed a culicivora
  4460 | D:3      | Noticed a jumping spider
  4460 | D:3      | Noticed a culicivora
  4460 | D:3      | Noticed a tarantella
  4460 | D:3      | Noticed a culicivora
  4460 | D:3      | Noticed a tarantella
  4460 | D:3      | Noticed Robin
  4461 | D:3      | Noticed an entropy weaver
  4462 | D:3      | Noticed a jumping spider
  4463 | D:3      | Noticed a jumping spider
  4651 | D:3      | Found a faded altar of an unknown god.
  5021 | D:3      | Found a runed translucent door.
  5022 | D:3      | Noticed Crazy Yiuf
  5030 | D:3      | Killed Crazy Yiuf
  5036 | D:3      | Identified the +4 hammer of the Priest {pain, rC++ Str+4}
  5530 | D:4      | Noticed Duvessa
  5540 | D:4      | Killed Dowan
  5549 | D:4      | Killed Duvessa
  5550 | D:4      | Reached skill level 7 in Unarmed Combat
  5633 | D:4      | Found a burning altar of Makhleb.
  5702 | D:4      | Noticed Menkaure
  5708 | D:4      | Killed Menkaure
  5709 | D:4      | Reached XP level 9. HP: 68/68 MP: 14/16
  5714 | D:4      | Learned a level 4 spell: Ice Form
  6138 | D:6      | Reached skill level 5 in Spellcasting
  6428 | D:6      | Found a snail-covered altar of Cheibriados.
  6594 | D:6      | Found an ornate altar of the Wu Jian Council.
  6605 | D:6      | Became a worshipper of the Wu Jian Council
  7002 | D:7      | Noticed Maggie
  7015 | D:7      | Killed Maggie
  7149 | D:7      | Reached skill level 8 in Unarmed Combat
  7574 | D:7      | Reached skill level 1 in Ice Magic
  7821 | D:8      | Reached * piety under Wu Jian
  8115 | D:8      | Found a radiant altar of Vehumet.
  8327 | D:8      | Reached XP level 10. HP: 77/77 MP: 13/18
  8328 | D:8      | Found a basalt altar of Yredelemnul.
  8533 | D:9      | Identified a scroll of acquirement
  8533 | D:9      | Acquired a staff of air
  8590 | D:9      | Reached skill level 5 in Air Magic
  8593 | D:9      | Reached skill level 9 in Unarmed Combat
  8657 | D:9      | Reached ** piety under Wu Jian
  9023 | D:9      | Found a stormy altar of Qazlal.
  9091 | D:9      | Found a sacrificial altar of Ru.
  9381 | D:10     | Entered Level 10 of the Dungeon
  9816 | D:10     | Noticed a two-headed ogre
  9820 | D:10     | Noticed a cyclops
  9826 | D:10     | Killed a two-headed ogre
  9836 | D:10     | Killed a cyclops
  9837 | D:10     | Reached skill level 10 in Unarmed Combat
 10688 | D:11     | Found a runed translucent gate.
 10689 | D:11     | Found a runed translucent gate.
 10690 | D:11     | Found a runed translucent gate.
 10690 | D:11     | Noticed Diggabert's ghost (journeyman HuMo)
 10726 | D:11     | Found a frozen archway.
 10778 | IceCv    | Entered an ice cave
 10859 | IceCv    | Reached XP level 11. HP: 51/82 MP: 17/20
 11020 | IceCv    | Reached *** piety under Wu Jian
 11093 | IceCv    | Noticed a white ugly thing
 11108 | IceCv    | Killed a white ugly thing
 11210 | IceCv    | Reached skill level 11 in Unarmed Combat
 11387 | IceCv    | Found an ancient bone altar of Kikubaaqudgha.
 11631 | IceCv    | HP: 5/100 [polar bear simulacrum (1)]
 11631 | IceCv    | HP: 1/100 [polar bear simulacrum (4)]
 11909 | IceCv    | Got the Disquisition on Evil Secrets
 11912 | IceCv    | Noticed a necromancer
 11912 | IceCv    | Noticed a white ugly thing
 11929 | IceCv    | Killed a necromancer
 11930 | IceCv    | Reached skill level 12 in Unarmed Combat
 11947 | IceCv    | Killed a white ugly thing
 12207 | D:11     | Reached **** piety under Wu Jian
 12595 | D:11     | HP: 3/102 [troll (17)]
 12595 | D:11     | HP: 1/102 [troll (2)]
 12595 | D:11     | Mangled by a troll

Illustrated notes

▒∙∙ ▒▒∙∙▒
▒∙∙∙▒ ∙∙∙▒
▒∙∙∙ ▒▒▒Kl▒
▒∙∙h▒ ▒d∙▒
▒∙∙∙∙∙∙∙▒
▒∙▒▒▒▒▒∙∙∙▒
▒▒ ▒▒∙


Turn 1986 on D:4: are you kidding me ▒∙▒▒▒▒▒▒▒▒ ▒∙∙∙∙∙d∙∙▒ ▒▒▒▒▒▒▒▒∙▒ ∙▒ ▒ Turn
2328 on D:7: sigh

Levels and vault maps discovered:
D:1:      dpeg_arrival_rooms_a, layout_basic
D:2:      layout_rooms, serial_co_window_serial, co_window_paths_b,
          co_window_paths_b, co_window_paths_b, co_window_paths_b,
          co_window_of_opportunity_a, co_window_broadway_a,
          co_window_broadway_c, co_window_2corner, co_window_unsneaky_path_b,
          co_window_2corner, co_window_sun, co_window_paths_e, glass_columns_a,
          serial_shops, shop, minmay_misc_feat_ornament
D:3:      layout_rooms, grunt_ashenzari_visionary
          [grunt_ashenzari_visionary_shoals, grunt_ashenzari_visionary_spider],
          basic_ecumenical_altar, uniq_crazy_yiuf_cottage, uniq_robin, uniq_ijyb
D:4:      layout_layer_cave, mainiacjoe_overflow_alcove_1,
          mainiacjoe_overflow_surrounded_room,
          minmay_a_box_with_orc_wizards_in_it, uniq_duvessa, uniq_menkaure
D:5:      layout_rooms, minmay_temple_entry_sparse_star, minivault_25,
          grunt_ministairs_10, nicolae_shop_i_like_big_books
D:6:      layout_loops_ring, kennysheep_slug_shrine,
          nicolae_wu_jian_immortal_techniques, grunt_gozag_statues,
          palyth_stone_intersect, nicolae_stop_n_shop_1,
          chequers_serial_rivers_small_3
D:7:      layout_loops_ring, minmay_misc_feat_iff, uniq_maggie
D:8:      layout_cave_pools, kennysheep_mini_moat,
          lemuel_zombie_altar_yredelemnul
D:9:      layout_long_grid, nicolae_qazlal_eye_of_the_storm,
          nicolae_ru_path_of_blood, minivault_27
D:10:     layout_basic, water_maze_lemuel
D:11:     layout_gridville, david_lair_shrubbed, ebering_ghost_rock_garden,
          portal_ice_cave_entry_ice_simulacra
Temple:   nicolae_temple_slightly_damp_pantheon

Skill      XL: |  1  2  3  4  5  6  7  8  9 10 11 |
---------------+----------------------------------+-----
Dodging        | 2 3 4 |  4.9
Transmutations | 3 4 5 6 7 8 9 |  9.0
Unarmed Combat | 4 5 7 8 10 12 | 12.6
Spellcasting   | 3 4 5 6 |  6.7
Stealth        | 1 2 3 |  3.2
Fighting       | 2 3 4 |  4.4
Air Magic      | 1 3 4 6 7 |  7.2
Poison Magic   | 1 2 |  2.0
Ice Magic      | 1 2 3 |  3.0
Evocations     | |  0.4

Action                     |  1- 3 |  4- 6 |  7- 9 | 10-12 || total
---------------------------+-------+-------+-------+-------++-------
  Melee: Unarmed           |    81 |    85 |   329 |   406 ||   901
         Kick              |    19 |    22 |    65 |     1 ||   107
         Headbutt          |     6 |    12 |    52 |     1 ||    71
         Tailslap          |     2 |    13 |    26 |     3 ||    44
         Punch             |     4 |     2 |     9 |       ||    15
   Cast: Beastly Appendage |    18 |    11 |    37 |     1 ||    67
         Wereblood         |       |     5 |    19 |    14 ||    38
         Poisonous Vapours |       |       |     8 |     4 ||    12
         Spider Form       |       |       |     6 |     3 ||     9
         Ice Form          |       |       |    11 |    34 ||    45
Ability: Breathe Lightning |       |       |     1 |       ||     1
         Lunge             |       |       |    20 |    26 ||    46
         Whirlwind         |       |       |       |    43 ||    43
         Wall Jump         |       |       |       |     7 ||     7
  Evoke: Wand              |       |       |       |     2 ||     2
    Use: Scroll            |     7 |     4 |     4 |    10 ||    25
         Potion            |     1 |     1 |     1 |     7 ||    10
   Stab: Sleeping          |       |       |     3 |     2 ||     5
 Armour: Skin              |    22 |    25 |   115 |    79 ||   241
  Dodge: Dodged            |    50 |    36 |   212 |   162 ||   460
